 Dungeon Crawl Stone Soup version 0.27-a0-291-gd9602db6ee (webtiles) character file.

Game seed: 1948137452851136281

53 Nattfarinn the Gusty (level 3, -3/19 HPs)
             Began as a Tengu Air Elementalist on Feb 9, 2021.
             Slain by an orc warrior
             ... wielding a +0 scimitar
              (20 damage)
             ... on level 3 of the Dungeon.
             The game lasted 00:04:38 (2130 turns).

Nattfarinn the Gusty (Tengu Air Elementalist)       Turns: 2130, Time: 00:04:39

Health: -3/19      AC:  3    Str:  8    XL:     3   Next: 89%
Magic:  3/7        EV: 13    Int: 16    God:
Gold:   146        SH:  0    Dex: 14    Spells: 4/7 levels left

rFire    . . .     SeeInvis .   (no weapon)
rCold    . . .     Faith    .   (no shield)
rNeg     . . .     Spirit   .   a - +0 robe
rPois    .         Reflect  .   (helmet restricted)
rElec    .         Harm     .   g - +0 cloak
rCorr    .         Rampage  .   (no gloves)
Will     .....                  (boots unavailable)
Stlth    ++........             (no amulet)
HPRegen  0.06/turn              (no ring)
MPRegen  0.10/turn              (no ring)

@: no status effects
A: beak, talons 3
a: no special abilities


You were on level 3 of the Dungeon.
You visited 1 branch of the dungeon, and saw 3 of its levels.

You collected 146 gold pieces.

Inventory:

Armour
 a - a +0 robe (worn)
 g - a +0 cloak (worn)
Jewellery
 d - an uncursed ring of willpower {unknown}
Scrolls
 b - 2 scrolls of remove curse {unknown}
 c - 3 scrolls of identify {unknown}
 f - 3 scrolls of magic mapping {unknown}
 i - a scroll of teleportation {unknown}
Potions
 e - a potion of curing {unknown}
 h - a potion of heal wounds {unknown}


   Skills:
 + Level 2.9 Dodging
 - Level 2.0 Stealth
 + Level 2.5 Spellcasting
 + Level 2.5 Conjurations
 + Level 4.6 Air Magic


You had 4 spell levels left.
You knew the following spells:

 Your Spells              Type           Power        Failure   Level
a - Shock                 Conj/Air       52%          4%          1
b - Swiftness             Air            16%          4%          2

Your spell library contained the following spells:

 Spells                   Type           Power        Failure   Level
 Static Discharge         Conj/Air       13%          13%         3
 Airstrike                Air            8%           28%         4
 Lightning Bolt           Conj/Air       6%           77%         5


Dungeon Overview and Level Annotations

Branches:
Dungeon (3/15)

Altars:


Innate Abilities, Weirdness & Mutations

You have a beak for a mouth.
You have claws for feet.


Message History

The zap hits the orc warrior but does no damage.
The orc warrior is lightly wounded.
The zap hits the orc wizard.
The orc wizard is heavily wounded.
The zap hits the orc.
The orc is almost dead.
The orc warrior hits you with a +0 scimitar.
The orc misses you.
Casting: Shock (safe; 4% risk of failure)
Confirm with . or Enter, or press ? or * to list all spells.
Aiming: Shock (safe; 4% risk of failure)
Press: ? - help, Shift-Dir - straight line, f/p - orc
Aim: an orc, wielding a +0 trident (almost dead, 32% to evade)
The zap misses the orc warrior.
The zap hits the orc wizard.
The orc wizard is severely wounded.
The zap hits the orc.
You kill the orc!
The orc warrior hits you with a +0 scimitar!!
Ouch! That really hurt!
You die...

### #. #.. .
# #.#.#
#.#.#. #.#..
...# #
###.#####..#
#o@....)...#
#o#...####.#
#.#......#
#.#.#.##.#
#o#.#.##<#
#.#.#.####
#)#<#..
#.#####


You could see an orc warrior, an orc wizard and an orc.

Vanquished Creatures
  An adder (D:2)
  An ooze (D:1)
  3 dart slugs
  An orc (D:3)
  3 ball pythons (D:2)
  6 giant cockroaches
  3 goblins (D:1)
  3 hobgoblins
  2 jackals (D:1)
  6 bats
  3 kobolds (D:1)
  2 rats
34 creatures vanquished.

Notes
Turn   | Place    | Note
-------+----------+-------------------------------------------
     0 | D:1      | Nattfarinn the Tengu Air Elementalist began the quest for
                  | the Orb.
     0 | D:1      | Reached XP level 1. HP: 10/10 MP: 4/4
   194 | D:1      | Reached XP level 2. HP: 15/15 MP: 3/6
   368 | D:1      | Learned a level 2 spell: Swiftness
   682 | D:1      | Reached XP level 3. HP: 19/19 MP: 5/7
  1305 | D:2      | Found a faded altar of an unknown god.
  2126 | D:3      | Noticed an orc warrior
  2130 | D:3      | Slain by an orc warrior

Illustrated notes

Levels and vault maps discovered:
D:1:      minmay_arrival_pointy, layout_loops_ring
D:2:      layout_basic, chequers_ecumenical_altar_simple
D:3:      layout_basic, lemuel_crystal_altar, uniq_terence

Skill      XL: |  1  2 |
---------------+-------+-----
Conjurations   | 2 |  2.5
Dodging        | |  2.9
Stealth        | |  2.0
Spellcasting   | |  2.5
Air Magic      | |  4.6

Action                   || total
-------------------------++-------
 Cast: Shock             ||    72
Dodge: Dodged            ||    10

Table legend: (Time is in decaauts)
 A = Elapsed time spent in this place.
 B = Non-inter-level travel time spent in this place.
 C = Inter-level travel time spent in this place.
 D = Time resting spent in this place.
 E = Time spent auto-exploring this place.
 F = Levels seen in this place.
 G = Mean time per level.
                   A        B        C        D        E       F      G
               +--------+--------+--------+--------+--------+-----+--------+
         Total |   2129 |   1965 |    164 |    344 |   1476 |   3 |  709.7 |
       Dungeon |   2129 |   1965 |    164 |    344 |   1476 |   3 |  709.7 |
               +--------+--------+--------+--------+--------+-----+--------+

Top non-repeatable levels by time:
     D:1: 1066 daAuts
     D:2: 997 daAuts
     D:3: 65 daAuts
